 Dungeon Crawl Stone Soup version 0.28-a0-1382-g92835e5c71 (webtiles) character file.

Game seed: 9265964588733348638

11286 Anamonty the Ogre Mage (level 11, -3/119 HPs)
             Began as an Ogre Cinder Acolyte on Jan 1, 2022.
             Was a Follower of Ignis.
             Slain by a yak (11 damage)
             ... on level 11 of the Dungeon.
             The game lasted 00:25:44 (16804 turns).

Anamonty the Ogre Mage (Ogre Cinder Acolyte)       Turns: 16804, Time: 00:25:44

Health: -3/119     AC:  7    Str: 22    XL:     11   Next: 75%
Magic:  34/34      EV:  9    Int: 17    God:    Ignis [*.....]
Gold:   513        SH:  0    Dex:  4    Spells: 26/31 levels left

rFire   + . .      SeeInvis .   E - +4 spear (venom)
rCold   . . .      Faith    .   (no shield)
rNeg    . . .      Spirit   .   B - +1 steam dragon scales
rPois   .          Reflect  .   (helmet restricted)
rElec   .          Harm     .   (no cloak)
rCorr   .          Rampage  .   (gloves unavailable)
Will    +....                   (boots unavailable)
Stlth   +.........              d - amulet of the acrobat
HPRegen 0.29/turn               o - ring of magical power
MPRegen 0.24/turn               (no ring)

@: about to teleport, spiked
A: large, unfitting armour, tough skin 1
a: Renounce Religion, Fiery Armour, Foxfire Swarm, Rising Flame


You were on level 11 of the Dungeon.
You worshipped Ignis.
Ignis was aware of your devotion.
You visited 1 branch of the dungeon, and saw 11 of its levels.
You also visited: Sewer.

You collected 649 gold pieces.
You spent 136 gold pieces at shops.

Inventory:

Hand Weapons
 E - a +4 spear of venom (weapon)
Armour
 r - an orb of mayhem
 B - +1 steam dragon scales (worn)
Jewellery
 d - an amulet of the acrobat (around neck)
 o - a ring of magical power (left hand)
 s - a +6 ring of intelligence
 y - a ring of positive energy
 H - an amulet of guardian spirit
Wands
 b - a wand of charming (1)
 F - a wand of mindburst (6)
 G - a wand of paralysis (5)
Scrolls
 c - 5 scrolls of enchant armour
 e - 4 scrolls of amnesia
 f - a scroll of enchant weapon {unknown}
 h - 5 scrolls of teleportation
 i - a scroll of immolation {unknown}
 n - a scroll of brand weapon {unknown}
 p - a scroll of holy word {unknown}
 u - a scroll of vulnerability {unknown}
 v - a scroll of fear {unknown}
 C - a scroll of noise {unknown}
 D - a scroll of fog {unknown}
 J - a scroll of summoning {unknown}
 K - a scroll of acquirement {unknown}
Potions
 g - 5 potions of curing
 j - a potion of magic {unknown}
 k - 5 potions of brilliance
 l - a potion of heal wounds {unknown}
 m - 3 potions of haste
 q - 3 potions of ambrosia
 t - a potion of degeneration {unknown}
 w - 4 potions of attraction {unknown}
 x - a potion of flight {unknown}
 z - a potion of resistance {unknown}
 A - 3 potions of cancellation {unknown}
 I - a potion of invisibility {unknown}
 L - 2 potions of lignification {unknown}


   Skills:
 * Level 10.5 Fighting
 + Level 7.7 Polearms
 + Level 10.7 Spellcasting
 + Level 5.9 Conjurations
 * Level 9.5 Fire Magic


You had 26 spell levels left.
You knew the following spells:

 Your Spells              Type           Power      Damage    Failure   Level
a - Scorch                Fire           82%        2d9       1%          2
b - Inner Flame           Hex/Fire       25%        N/A       3%          3

Your spell library contained the following spells:

 Spells                   Type           Power      Damage    Failure   Level
 Shock                    Conj/Air       76%        1d7       2%          1
 Stone Arrow              Conj/Erth      38%        3d9       7%          3
 Apportation              Tloc           18%        N/A       8%          1
 Corpse Rot               Necr/Air       18%        N/A       12%         2
 Ensorcelled Hibernation  Hex/Ice        18%        N/A       12%         2
 Poisonous Vapours        Pois/Air       18%        N/A       12%         2
 Swiftness                Air            9%         N/A       24%         3
 Tukima's Dance           Hex            9%         N/A       24%         3
 Airstrike                Air            4%         N/A       61%         4
 Animate Armour           Summ/Erth      18%        N/A       61%         4
 Cause Fear               Hex            4%         N/A       61%         4
 Alistair's Intoxication  Tmut/Pois      6%         N/A       91%         5
 Enfeeble                 Hex            4%         N/A       100%        7
 Discord                  Hex            4%         N/A       100%        8
 Lehudib's Crystal Spear  Conj/Erth      9%         10d4      100%        8


Dungeon Overview and Level Annotations

Branches:
Dungeon (11/15)            Temple (0/1) D:7            Lair (0/6) D:9
  Sewer (visited)
    Orc: D:9-12

Altars:
Ashenzari
Gozag
Hepliaklqana
Okawaru
Ru
Trog
Wu Jian

Shops:
D:1 *   D:7 *


Innate Abilities, Weirdness & Mutations

You are too large for most types of armour.
You have tough skin. (AC +1)


Message History

The centaur wields a +0 shortbow.
The centaur shoots an arrow.
The arrow hits your troll.
You barely miss the yak.
The yak is lightly wounded.
The centaur shoots an arrow.
The arrow barely misses your troll. The arrow barely misses you.
The yak gores you!
The centaur warrior zombie hits you but does no damage.
The centaur warrior zombie barely misses you.
The yak closely misses your troll. The manticore barely misses your troll.
The manticore claws your troll! x2; Your troll barely misses the yak.
Your troll closely misses the yak.
Your troll claws the yak!
You hit the yak but do no damage.
The yak is moderately wounded.
The centaur shoots an arrow.
The arrow barely misses your troll. The arrow hits you.
The centaur warrior zombie hits you.
The centaur warrior zombie kicks you but does no damage.
The yak gores you! The manticore bites your troll.
The manticore claws your troll! x2
Your troll dies!
As you read the scroll of teleportation, it crumbles to dust.
You feel strangely unstable. The centaur warrior zombie hits you!
The centaur warrior zombie kicks you but does no damage.
The yak gores you. The yak gores you!
* * * LOW HITPOINT WARNING * * *
The centaur shoots an arrow.
The arrow barely misses you.
You completely miss the yak.
The yak is moderately wounded.
The centaur warrior zombie barely misses you.
The centaur warrior zombie kicks you but does no damage.
The yak gores you!
* * * LOW HITPOINT WARNING * * *
The yak gores you but does no damage.
The centaur shoots an arrow.
The arrow hits you!
* * * LOW HITPOINT WARNING * * *
You feel better.
The centaur warrior zombie hits you but does no damage.
The centaur warrior zombie kicks you.
* * * LOW HITPOINT WARNING * * *
The yak completely misses you. The yak gores you!
You die...

##.................
###.................
##...........#.#....#
...#..####.##...# .. #
.##†.## #..#..###.# .#
.#...# ##......#.c#..##
....## ##....##.........
.#...###....###..Y......
..#.........###.@YZ.....
..#...#.....#...#H......
.##..##........##H.....=
. #..##........# ##.....
.....#.[.......# .....
.. ..........#.# .... .
..............# ...
..........#..... ...
..........####.#.


You could see 2 manticores, 2 yaks, a centaur and a centaur warrior zombie.

Vanquished Creatures
  A two-headed ogre (D:9)
  2 cyclopes
  Joseph (D:7)
  Psyche (D:9)
  A troll (D:10)
  2 vampires
  2 wyverns
  23 yaks
  5 steam dragons
  A water moccasin (D:5)
  2 acid dragons (D:10)
  4 orc warriors
  Pargi (Sewer)
  A sky beast (D:5)
  3 black bears (D:6)
  2 ogres (D:6)
  4 necrophages
  2 phantoms
  6 centaurs
  3 bullfrogs
  2 gnoll sergeants
  A scorpion (D:6)
  A kobold brigand (D:8)
  A wyvern skeleton (D:7)
  4 wights (D:10)
  10 killer bees
  A howler monkey (D:10)
  4 centaur zombies
  2 bullfrog zombies
  7 orc priests
  A hound (D:6)
  A centaur skeleton (D:5)
  A gnoll shaman (D:4)
  An iguana (D:5)
  6 orc wizards
  A hound skeleton (D:4)
  15 gnolls
  10 adders
  2 shadow imps
  2 ufetubi
  An adder skeleton (D:4)
  A worm (D:2)
  3 dart slugs
  21 orcs
  3 bats
  8 endoplasms
  2 giant cockroaches (D:1)
  14 goblins
  7 hobgoblins
  3 quokkas
  10 ball pythons
  13 frilled lizards
  14 kobolds
  5 rats
245 creatures vanquished.

Vanquished Creatures (others)
  A troll (D:11)
  A yak (D:11)
  3 foxfires (D:7)
  4 fungi (D:9)
  5 plants
14 creatures vanquished.

Grand Total: 259 creatures vanquished

Notes
Turn   | Place    | Note
-------+----------+-------------------------------------------
     0 | D:1      | Anamonty the Ogre Cinder Acolyte began the quest for the
                  | Orb.
     0 | D:1      | Reached XP level 1. HP: 24/24 MP: 2/2
   228 | D:1      | Reached XP level 2. HP: 26/32 MP: 2/4
   278 | D:1      | Learned a level 2 spell: Scorch
   296 | D:1      | Found Qeor's Assorted Antiques.
   629 | D:1      | Reached XP level 3. HP: 39/39 MP: 1/6
   812 | D:1      | Found a faded altar of an unknown god.
  1071 | D:2      | Found a broken altar of Ashenzari.
  1474 | D:2      | Reached XP level 4. HP: 46/49 MP: 0/7
  1659 | D:2      | You fall into a shaft and drop 2 floors!
  1675 | D:4      | Noticed a necrophage
  1694 | D:4      | Killed a necrophage
  1695 | D:4      | Reached XP level 5. HP: 43/55 MP: 1/10
  1785 | D:4      | Noticed a necrophage
  1789 | D:4      | Reached skill level 5 in Fighting
  1792 | D:4      | Killed a necrophage
  1793 | D:4      | Reached XP level 6. HP: 63/66 MP: 3/12
  2210 | D:4      | HP: 2/66 [phantom (5)]
  2211 | D:4      | Reached XP level 7. HP: 3/72 MP: 0/13
  2949 | D:4      | Learned a level 3 spell: Inner Flame
  3536 | D:3      | Reached skill level 1 in Conjurations
  4473 | D:3      | Found a faded altar of an unknown god.
  4473 | D:3      | Found a hazy altar of Hepliaklqana.
  4475 | D:3      | Found a faded altar of an unknown god.
  4498 | D:5      | Entered Level 5 of the Dungeon
  4800 | D:5      | Reached skill level 5 in Spellcasting
  5264 | D:5      | Reached skill level 5 in Fire Magic
  5537 | D:5      | Reached XP level 8. HP: 57/83 MP: 16/16
  6512 | D:5      | Found a sacrificial altar of Ru.
  6737 | D:6      | Found a glowing drain.
  6746 | Sewer    | Entered a sewer
  6816 | Sewer    | Noticed Pargi
  6819 | Sewer    | Killed Pargi
  6820 | Sewer    | Reached skill level 5 in Polearms
  7024 | D:6      | Reached XP level 9. HP: 79/92 MP: 13/19
  7131 | D:6      | Found a bloodstained altar of Trog.
  7304 | D:6      | Found an iron altar of Okawaru.
  8425 | D:7      | Found a staircase to the Ecumenical Temple.
  8968 | D:7      | Found an ornate altar of the Wu Jian Council.
  9070 | D:7      | Found Caruepp's Assorted Antiques.
  9075 | D:7      | Bought a scroll of identify for 68 gold pieces
  9075 | D:7      | Bought a scroll labelled HOEWKUG WAFI for 34 gold pieces
  9075 | D:7      | Bought a scroll labelled GUGUKUEDD CAAN for 34 gold pieces
  9093 | D:7      | Noticed Joseph
  9112 | D:7      | Killed Joseph
  9818 | D:8      | Reached XP level 10. HP: 86/104 MP: 22/22
 11389 | D:9      | HP: 3/106 [yak (10)]
 12005 | D:9      | Noticed a cyclops
 12017 | D:9      | Killed a cyclops
 12018 | D:9      | Reached skill level 5 in Conjurations
 12168 | D:9      | Found a staircase to the Lair.
 12290 | D:9      | Noticed a two-headed ogre
 12320 | D:9      | Killed a two-headed ogre
 12321 | D:9      | Reached XP level 11. HP: 27/115 MP: 24/24
 12659 | D:9      | Reached skill level 10 in Spellcasting
 12965 | D:9      | Noticed Psyche
 12977 | D:9      | Killed Psyche
 13234 | D:10     | Entered Level 10 of the Dungeon
 14229 | D:10     | Found an opulent altar of Gozag.
 14367 | D:10     | Found a broken altar of Ashenzari.
 14956 | D:10     | Identified the +5 dagger of Xuthreh {speed, rF- Int+6
                  | Dex+8}
 15172 | D:10     | Reached skill level 10 in Fighting
 16030 | D:11     | Noticed a cyclops
 16441 | D:11     | Killed a cyclops
 16791 | D:11     | Noticed a manticore
 16797 | D:11     | Noticed a manticore
 16803 | D:11     | HP: 3/119 [centaur/arrow (7)]
 16804 | D:11     | Slain by a yak

Illustrated notes

Levels and vault maps discovered:
D:1:      roderic_dead_forest, layout_basic,
          hellmonk_ecumenical_altar_leap_of_faith, serial_shops,
          nicolae_shop_stone
D:2:      layout_loops_ring, basic_altar, ebering_dispersal_statue_hall,
          minmay_goblin_outpost
D:3:      kennysheep_big_flooded_room, layout_rooms,
          nicolae_hepliaklqana_ecumenical_no_more
D:4:      layout_loops_ring, lemuel_old_faithful
D:5:      layout_basic, nicolae_ru_path_of_blood, grunt_ministairs_7
D:6:      cheibrodos_steamvent, layout_basic, nicolae_overflow_hidden_temple,
          trog_ov_bears_minmay, portal_sewer_entry_d
D:7:      layout_loops_corners, old_standard_altar,
          minmay_temple_entry_mini_moons, serial_shops,
          nicolae_shop_overgrown_old_shop, minivault_27, uniq_joseph
D:8:      layout_loops_ring, hangedman_decor_opposing
D:9:      kennysheep_steamy, layout_long_grid, lair_entry_dummy, uniq_psyche
D:10:     minmay_razor_zed, layout_layer_cave, lemuel_doored_altar,
          mainiacjoe_overflow_tiny_flanked
D:11:     layout_cave_pools, kennysheep_orc_monster_closet_entryway,
          uniq_josephine

Skill      XL: |  1  2  3  4  5  6  7  8  9 10 11 |
---------------+----------------------------------+-----
Fire Magic     | 3 4 5 6 7 8 9 |  9.5
Spellcasting   | 2 3 4 5 6 8 9 10 | 10.7
Fighting       | 5 6 8 9 10 | 10.5
Polearms       | 4 5 6 7 |  7.7
Conjurations   | 1 2 4 5 |  5.9

Action                   |  1- 3 |  4- 6 |  7- 9 | 10-12 || total
-------------------------+-------+-------+-------+-------++-------
Melee: Spear             |    62 |    36 |    95 |   241 ||   434
 Cast: Scorch            |    25 |    23 |   181 |   137 ||   366
Invok: Fiery Armour      |     1 |     2 |     3 |     5 ||    11
       Foxfire Swarm     |       |       |     1 |       ||     1
Evoke: Wand              |       |       |       |     6 ||     6
  Use: Scroll            |       |       |     6 |     3 ||     9
       Potion            |       |       |       |     2 ||     2
 Stab: Paralysed         |       |       |       |     5 ||     5
       Distracted        |       |       |       |     1 ||     1
Armor: Robe              |    22 |    12 |    18 |       ||    52
       Steam dragon scal |       |       |    18 |   124 ||   142
Dodge: Dodged            |    24 |    13 |    85 |   153 ||   275

Table legend: (Time is in decaauts)
 A = Elapsed time spent in this place.
 B = Non-inter-level travel time spent in this place.
 C = Inter-level travel time spent in this place.
 D = Time resting spent in this place.
 E = Time spent auto-exploring this place.
 F = Levels seen in this place.
 G = Mean time per level.
                   A        B        C        D        E       F      G
               +--------+--------+--------+--------+--------+-----+--------+
         Total |  16786 |  16257 |    529 |      0 |  14345 |  12 | 1398.8 |
       Dungeon |  16533 |  16004 |    529 |      0 |  14141 |  11 | 1503.0 |
         Sewer |    253 |    253 |      0 |      0 |    204 |   1 |  253.0 |
               +--------+--------+--------+--------+--------+-----+--------+

Top non-repeatable levels by time:
     D:9: 2842 daAuts
    D:10: 2551 daAuts
     D:5: 1867 daAuts
     D:4: 1782 daAuts
     D:8: 1490 daAuts
     D:6: 1468 daAuts
     D:2: 1273 daAuts
     D:7: 1183 daAuts
     D:1: 868 daAuts
     D:3: 816 daAuts
    D:11: 388 daAuts
   Sewer: 253 daAuts
